AoeStats
← CHRISTO LE ROI8

Golden Pit

509002075Analyzed
1v1 RM · 7d ago on Sep 25, 2026· 20m 50s· 2 players
Game mode
Random Map
Map size
Tiny (2 player)
Population
200
Speed
Normal
Resources
Standard
Victory
Conquest
Starting age
Dark Age
Ending age
Imperial Age
RankedLock teamsTeams togetherTeam positionsShared explorationLock speedFull tech treeHidden civsTurbo modeCheats
Victory
Defeat
🇫🇷 Romans · France
992
+16
🇦🇺 Turks · Australia
997
-16
CHRISTO LE ROI8
13:10 Feudal Age
13:36 Horse Collar
13:44 Double-Bit Axe
15:10 Stone Mining
16:50 Wheelbarrow
18:21 Gold Mining
21:52 Castle Age
21:26 Scale Barding Armor
21:22 Scale Mail Armor
freeth84
6:41 Loom
10:06 Feudal Age
10:36 Double-Bit Axe
22:21 Castle Age
21:04 Fletching
Connection lost

Rejoining the realm…

Still unreachable

The connection could not be restored.

Session expired

The server has moved on; the page needs a fresh start.